 Dungeon Crawl Stone Soup version 0.29-a0-40-g8eb35efe60 (webtiles) character file.

Game seed: 7723005973334700108

15345 lunkers the Destroyer (level 11, 0/92 HPs)
             Began as a Demigod Earth Elementalist on Feb 1, 2022.
             Slain by a cane toad (15 damage)
             ... on level 3 of the Lair of Beasts.
             The game lasted 00:18:18 (15929 turns).

lunkers the Destroyer (Demigod Earth Elementalist) Turns: 15929, Time: 00:18:19

Health: 0/92       AC:  9    Str:  6    XL:     11   Next: 68%
Magic:  0/28       EV: 11    Int: 29    God:
Gold:   443        SH:  6    Dex: 19    Spells: 17/27 levels left

rFire   + + .      SeeInvis .   b - +9 trident "Dragonslayer" {venom, rF+ rCorr Str-3 Dex+5}
rCold   . . .      Faith    .   w - +0 buckler
rNeg    . . .      Spirit   .   g - +0 troll leather armour
rPois   .          Reflect  .   (no helmet)
rElec   .          Harm     .   p - +1 cloak
rCorr   +          Rampage  .   r - +2 pair of gloves
Will    ++...                   (no boots)
Stlth   ++........              H - amulet of the acrobat
HPRegen 1.05/turn               e - ring of willpower
MPRegen 0.21/turn               h - ring of protection from fire

@: lethally poisoned (0 -> -3)
A: high MP 1, forlorn, divine attributes
a: no special abilities


You were on level 3 of the Lair of Beasts.
You visited 2 branches of the dungeon, and saw 14 of its levels.

You collected 655 gold pieces.
You spent 212 gold pieces at shops.

Inventory:

Hand Weapons
 a - a +2 whip of electrocution
 b - the +9 trident "Dragonslayer" (weapon) {venom, rF+ rCorr Str-3 Dex+5}
   (You bought it in a shop on level 5 of the Dungeon)

   It poisons the flesh of those it strikes.
   Str:       It affects your strength (-3).
   Dex:       It affects your dexterity (+5).
   rF:        It protects you from fire.
   rCorr:     It protects you from acid and corrosion.
 c - a +4 spear of draining
 x - the +1 mace of Departure {protect, rF+ rC+ Dex+4}
   (You found it on level 4 of the Dungeon)

   It grants its wielder temporary protection when it strikes (+7 to AC).
   Dex:       It affects your dexterity (+4).
   rF:        It protects you from fire.
   rC:        It protects you from cold.
Missiles
 k - 363 stones
 o - 3 throwing nets
Armour
 g - a +0 troll leather armour (worn)
 p - a +1 cloak (worn)
 r - a +2 pair of gloves (worn)
 w - a +0 buckler (worn)
Magical Staves
 L - a staff of earth
Jewellery
 e - a ring of willpower (left hand)
 h - a ring of protection from fire (right hand)
 y - a ring of fire
 z - a +6 ring of strength
 G - a ring of fire
 H - an amulet of the acrobat (around neck)
 I - a ring of see invisible
Wands
 i - a wand of iceblast (12)
 q - a wand of flame (25)
 E - a wand of paralysis (3)
 J - a wand of charming (7)
Scrolls
 s - a scroll of magic mapping
 t - a scroll of teleportation
 u - 2 scrolls of fog
 C - a scroll of enchant armour
 D - a scroll of acquirement {unknown}
 F - a scroll of brand weapon
 K - a scroll of identify
Potions
 d - 8 potions of curing
 f - a potion of heal wounds
 j - 3 potions of brilliance
 l - 4 potions of haste
 m - 4 potions of mutation
 v - a potion of ambrosia {unknown}
 A - a potion of might
 B - 2 potions of cancellation {unknown}
Miscellaneous
 n - a phial of floods


   Skills:
 + Level 7.2 Fighting
 - Level 1.7 Dodging
 - Level 1.7 Stealth
 - Level 4.0 Shields
 + Level 8.7 Spellcasting
 - Level 10.4 Conjurations
 - Level 0.8 Transmutations
 - Level 8.3 Earth Magic


You had 17 spell levels left.
You knew the following spells:

 Your Spells              Type           Power      Damage    Failure   Level
a - Stone Arrow           Conj/Erth      100%       3d13      1%          3
b - Passwall              Tmut/Erth      32%        N/A       1%          2
c - Sandblast             Erth           100%       2d20      1%          1
d - Petrify               Tmut/Erth      39%        N/A       13%         4

Your spell library contained the following spells:

 Spells                   Type           Power      Damage    Failure   Level
 Magic Dart               Conj           100%       1d8       1%          1
 Searing Ray              Conj           100%       2d8       1%          2
 Sting                    Tmut/Pois      60%        1d6       8%          1
 Wereblood                Tmut           17%        N/A       10%         2
 Fulminant Prism          Conj/Hex       21%        3d13      10%         4
 Poisonous Vapours        Pois/Air       24%        N/A       13%         2
 Sublimation of Blood     Necr           12%        N/A       13%         2
 Leda's Liquefaction      Hex/Erth       18%        N/A       16%         4
 Call Canine Familiar     Summ           12%        N/A       26%         3
 Portal Projectile        Hex/Tloc       24%        N/A       26%         3
 Olgreb's Toxic Radiance  Pois           12%        N/A       65%         4
 Summon Hydra             Summ           6%         N/A       100%        7


Dungeon Overview and Level Annotations

Branches:
Dungeon (11/15)            Temple (0/1) D:4            Lair (3/6) D:10
  Swamp (0/4) Lair:2        Snake (0/4) Lair:2
    Orc: D:9-12

Shops:
D:1 (   D:5 (   D:8 ==   D:9 *   D:11 =


Innate Abilities, Weirdness & Mutations

You have an increased reservoir of magic. (+10% MP)
You shall have no god before yourself.
Your divine heritage dramatically boosts your attributes as you level up.


Message History

The water moccasin bites you but does no damage.
The cane toad stings the fungus!!
Casting: Stone Arrow (safe; 1% risk of failure)
Confirm with . or Enter, or press ? or * to list all spells.
Aiming: Stone Arrow (safe; 1% risk of failure)
Press: ? - help, Shift-Dir - straight line, f/p - cane toad
Aim: a cane toad (almost dead, 81% to hit)
The stone arrow hits the water moccasin!!
You kill the water moccasin!
* * * LOW MAGIC WARNING * * *
Casting: Stone Arrow (safe; 1% risk of failure)
Confirm with . or Enter, or press ? or * to list all spells.
Aiming: Stone Arrow (safe; 1% risk of failure)
Press: ? - help, Shift-Dir - straight line, f/p - cane toad
Aim: a cane toad (almost dead, 81% to hit)
The stone arrow misses the cane toad.
* * * LOW MAGIC WARNING * * *
A nearby fungus withers and dies.
The cane toad closely misses you.
Casting: Stone Arrow (safe; 1% risk of failure)
Confirm with . or Enter, or press ? or * to list all spells.
Aiming: Stone Arrow (safe; 1% risk of failure)
Press: ? - help, Shift-Dir - straight line, f/p - cane toad
Aim: a cane toad (almost dead, 81% to hit)
The stone arrow misses the cane toad.
* * * LOW MAGIC WARNING * * *
The cane toad stings you.
* * * LOW HITPOINT WARNING * * *
You are poisoned.
The cane toad poisons you!
Casting: Stone Arrow (safe; 1% risk of failure)
Confirm with . or Enter, or press ? or * to list all spells.
Aiming: Sandblast (safe; 1% risk of failure)
Press: ? - help, Shift-Dir - straight line, f/p - cane toad
Aim: a cane toad (almost dead, 86% to hit)
The blast of sand hits the cane toad.
The cane toad is almost dead.
* * * LOW MAGIC WARNING * * *
You feel very sick. The cane toad stings you!
You die...

#.P......##.##............
#........####.............
#..#.....# #..##.#...##
##. #.##...### #.
######.#.# # .. ..#..##
#.#.## .##..# #....#..#@##
#......##F.# #..S##..##
##...#...# #P.......#
#####.#### ###


You could see a cane toad.

Vanquished Creatures
  A boulder beetle (D:10)
  4 two-headed ogres
  A guardian serpent (Lair:2)
  2 gargoyles (D:10)
  3 cane toads
  A rime drake (Lair:2)
  5 komodo dragons
  3 trolls
  A hornet (D:7)
  2 wyverns
  18 yaks
  Eustachio (D:6)
  5 basilisks
  10 water moccasins
  An ice beast (D:7)
  3 orc warriors
  A sky beast (D:4)
  A hornet zombie (D:5)
  A black bear (D:5)
  2 ogres
  7 centaurs
  6 bullfrogs
  2 kobold brigands
  A wyvern zombie (D:5)
  2 scorpions (D:5)
  4 killer bees (D:10)
  5 howler monkeys
  A centaur zombie (D:9)
  2 hounds (D:5)
  3 gnoll shamans
  3 centaur skeletons
  8 orc priests
  3 jellies
  A bullfrog skeleton (D:6)
  9 orc wizards
  A howler monkey zombie (D:9)
  12 gnolls
  6 adders
  A shadow imp (D:7)
  A white imp (D:6)
  2 ufetubi
  2 worms (D:4)
  A dart slug (D:1)
  24 orcs
  7 endoplasms
  5 giant cockroaches
  11 goblins
  5 hobgoblins
  4 jackals (D:1)
  17 kobolds
  3 quokkas (D:2)
  4 ball pythons
  3 bats
  3 frilled lizards
  6 rats
241 creatures vanquished.

Vanquished Creatures (others)
  3 fungi
  5 plants
8 creatures vanquished.

Grand Total: 249 creatures vanquished

Notes
Turn   | Place    | Note
-------+----------+-------------------------------------------
     0 | D:1      | lunkers the Demigod Earth Elementalist began the quest for
                  | the Orb.
     0 | D:1      | Reached XP level 1. HP: 14/14 MP: 5/5
   208 | D:1      | Reached XP level 2. HP: 19/20 MP: 5/7
   912 | D:1      | Found Maebohec's Weapon Boutique.
  1154 | D:2      | Reached XP level 3. HP: 26/26 MP: 6/9
  1573 | D:2      | Learned a level 2 spell: Passwall
  1577 | D:2      | Learned a level 3 spell: Stone Arrow
  2972 | D:4      | Noticed an ogre
  2979 | D:4      | Killed an ogre
  2980 | D:4      | Reached skill level 2 in Conjurations
  2980 | D:4      | Reached XP level 4. HP: 6/33 MP: 5/10
  3431 | D:4      | Found a staircase to the Ecumenical Temple.
  3540 | D:4      | Identified the +1 scale mail "Tastah" {rN+++ Int-3 Dex-2
                  | SInv}
  3580 | D:4      | Reached XP level 5. HP: 38/38 MP: 10/12
  4067 | D:5      | Entered Level 5 of the Dungeon
  4067 | D:5      | Found Diphiax's Antique Weapon Boutique.
  4074 | D:5      | Noticed an ogre
  4141 | D:4      | Identified the +1 mace of Departure {protect, rF+ rC+
                  | Dex+4}
  4268 | D:5      | Reached skill level 3 in Conjurations
  4361 | D:5      | Noticed a sky beast
  4380 | D:4      | Killed a sky beast
  4381 | D:4      | Reached XP level 6. HP: 38/45 MP: 0/14
  4780 | D:5      | Reached skill level 4 in Conjurations
  4946 | D:5      | Reached XP level 7. HP: 50/50 MP: 8/15
  4959 | D:5      | Reached skill level 5 in Earth Magic
  5335 | D:5      | Reached skill level 5 in Conjurations
  5841 | D:5      | Reached XP level 8. HP: 52/57 MP: 2/18
  6368 | D:6      | Reached skill level 6 in Conjurations
  6639 | D:6      | Noticed Eustachio
  6642 | D:6      | Killed Eustachio
  7209 | D:7      | Noticed a troll
  7215 | D:7      | Killed a troll
  7216 | D:7      | Reached skill level 5 in Spellcasting
  7216 | D:7      | Reached skill level 7 in Conjurations
  7292 | D:5      | Bought an encrusted trident for 212 gold pieces
  7292 | D:5      | Identified the +9 trident "Dragonslayer" {venom, rF+ rCorr
                  | Str-3 Dex+5} (You bought it in a shop on level 5 of the
                  | Dungeon)
  8362 | D:8      | Noticed a hornet
  8372 | D:7      | Paralysed by a hornet for 2 turns
  8374 | D:7      | Killed a hornet
  8375 | D:7      | Reached XP level 9. HP: 12/62 MP: 0/21
  8663 | D:8      | Reached skill level 1 in Fighting
  8663 | D:8      | Reached skill level 8 in Conjurations
  9008 | D:8      | Found Beipleh's Jewellery Shoppe.
  9197 | D:8      | Found Lojuimat's Jewellery Shop.
  9402 | D:8      | Noticed a two-headed ogre
  9442 | D:8      | Learned a level 4 spell: Petrify
  9459 | D:8      | Killed a two-headed ogre
  9747 | D:9      | Reached skill level 9 in Conjurations
  9885 | D:9      | Reached XP level 10. HP: 71/77 MP: 10/23
 10053 | D:9      | Found Qiuheischiv's Assorted Antiques.
 10527 | D:9      | Noticed a two-headed ogre
 10546 | D:9      | Killed a two-headed ogre
 11074 | D:10     | Entered Level 10 of the Dungeon
 11074 | D:10     | Noticed a two-headed ogre
 11081 | D:10     | Killed a two-headed ogre
 11378 | D:10     | Reached skill level 10 in Conjurations
 11541 | D:10     | Noticed a two-headed ogre
 11546 | D:10     | Killed a two-headed ogre
 11547 | D:10     | Reached skill level 1 in Shields
 11663 | D:10     | Found a staircase to the Lair.
 12468 | D:11     | Noticed a boulder beetle
 12491 | D:10     | Killed a boulder beetle
 12492 | D:10     | Reached XP level 11. HP: 12/85 MP: 3/26
 12800 | D:11     | Reached skill level 5 in Fighting
 12987 | D:11     | Found Vithob's Jewellery Boutique.
 13360 | Lair:1   | Entered Level 1 of the Lair of Beasts
 14894 | Lair:2   | Found a staircase to the Snake Pit.
 15498 | Lair:2   | Found a staircase to the Swamp.
 15929 | Lair:3   | Slain by a cane toad

Illustrated notes

Levels and vault maps discovered:
D:1:      lightli_arrival_lavapool, layout_basic, serial_shops, shop_statue
D:2:      layout_loops_cross, basic_altar, serial_co_window_serial,
          co_window_paths_a, co_window_corner_a, co_window_of_opportunity_a,
          co_window_corner_a, co_window_paths_b, co_window_paths_c,
          co_window_corner_b, co_window_of_opportunity_c, co_window_2corner,
          co_window_broadway_b, co_window_paths_c, glass_columns_b
D:3:      layout_basic, mainiacjoe_overflow_catwalk_spiral,
          shapermc_ecumenical_altar_mp_vishouse
D:4:      layout_loops_ring, okawaru_altar_gauntlet_db, temple_fountains,
          portal_sewer_entry_b
D:5:      layout_basic, nicolae_vehumet_altar_sigil, serial_shops,
          nicolae_stop_n_shop_2, nrook_uturn, grunt_ministairs_13,
          guppyfry_early_orc_mine
D:6:      layout_gridville, eino_tiny_chamber, uniq_eustachio
D:7:      layout_cave_pools, nrook_campfire
D:8:      layout_rooms, serial_shops, nicolae_inconvenience_store,
          nicolae_stop_n_shop_2, chequers_decorated_corner
D:9:      layout_basic, mainiacjoe_overflow_brackets,
          chequers_temple_overflow_statue_of_worship, serial_shops,
          nicolae_lakefront_shop, kennysheep_generic_room_7
D:10:     layout_roguey, david_lair_shrubbed
D:11:     layout_irregular_city, serial_shops, shop
Lair:1:   layout_misc_corridors, lemuel_fruit_fields
Lair:2:   layout_roguey, minmay_swamp_entry_worms,
          minmay_snake_entry_spellcaster, lemuel_fruit_tree,
          serial_bayou_shore_b
Lair:3:   layout_small_grid, minivault_27, beast_lair_carwin_11

Skill      XL: |  1  2  3  4  5  6  7  8  9 10 11 |
---------------+----------------------------------+-----
Earth Magic    | 3 4 5 6 7 8 |  8.3
Spellcasting   | 2 3 4 5 6 7 8 |  8.7
Conjurations   | 2 3 4 5 7 9 10 | 10.4
Fighting       | 3 4 7 |  7.2
Shields        | 2 4 |  4.0
Dodging        | |  1.7
Stealth        | |  1.7
Transmutations | |  0.8

Action                   |  1- 3 |  4- 6 |  7- 9 | 10-12 || total
-------------------------+-------+-------+-------+-------++-------
Melee: Unarmed           |    13 |       |       |       ||    13
       Club              |     5 |       |       |       ||     5
       Whip              |       |    16 |    10 |       ||    26
       Trident           |       |       |    26 |    24 ||    50
 Cast: Sandblast         |    62 |    21 |    24 |     8 ||   115
       Stone Arrow       |       |    25 |   121 |   179 ||   325
       Petrify           |       |       |     2 |       ||     2
Evoke: Wand              |       |       |     1 |     1 ||     2
  Use: Scroll            |       |       |    15 |     5 ||    20
       Potion            |       |       |       |     3 ||     3
Armor: Robe              |     3 |    12 |     4 |       ||    19
       Troll leather arm |       |       |     8 |    15 ||    23
Dodge: Dodged            |    19 |    12 |    44 |    32 ||   107
Block: Buckler           |       |       |     7 |    10 ||    17

Table legend: (Time is in decaauts)
 A = Elapsed time spent in this place.
 B = Non-inter-level travel time spent in this place.
 C = Inter-level travel time spent in this place.
 D = Time resting spent in this place.
 E = Time spent auto-exploring this place.
 F = Levels seen in this place.
 G = Mean time per level.
                   A        B        C        D        E       F      G
               +--------+--------+--------+--------+--------+-----+--------+
         Total |  15971 |  15334 |    637 |    799 |  12888 |  14 | 1140.8 |
       Dungeon |  13397 |  12791 |    606 |    799 |  10577 |  11 | 1217.9 |
          Lair |   2574 |   2543 |     31 |      0 |   2311 |   3 |  858.0 |
               +--------+--------+--------+--------+--------+-----+--------+

Top non-repeatable levels by time:
     D:5: 1835 daAuts
    D:10: 1464 daAuts
     D:9: 1434 daAuts
     D:4: 1395 daAuts
  Lair:2: 1339 daAuts
     D:7: 1288 daAuts
     D:6: 1181 daAuts
     D:2: 1144 daAuts
     D:8: 1043 daAuts
     D:1: 964 daAuts
  Lair:1: 894 daAuts
    D:11: 835 daAuts
     D:3: 811 daAuts
  Lair:3: 340 daAuts
